 Dungeon Crawl Stone Soup version 0.21-a0-150-gc243083 (webtiles) character file.

1479 drasked the Bolt Thrower (level 8, -5/100 HPs)
             Began as a Gnoll Wanderer on July 26, 2017.
             Slain by an orc warrior
             ... wielding a +3 hand axe
              (8 damage)
             ... on level 5 of the Dungeon.
             The game lasted 00:47:12 (9701 turns).

drasked the Bolt Thrower (Gnoll Wanderer)           Turns: 9701, Time: 00:47:13

Health: -5/100     AC: 27    Str:  7    XL:     8   Next: 79%
Magic:  8/8        EV:  2    Int:  7    God:
Gold:   189        SH:  4    Dex:  7    Spells: 7/7 levels left

rFire    . . .     SeeInvis +   K - +1 war axe (freeze)
rCold    . . .     Gourm    .   d - +0 buckler
rNeg     + + +     Faith    .   (armour currently unavailable)
rPois    +         Spirit   .   (helmet currently unavailable)
rElec    .         Reflect  .   (cloak currently unavailable)
rCorr    .         Harm     .   (gloves currently unavailable)
MR       .....     NoTele   +   (boots currently unavailable)
Stlth    +.........             (no amulet)
HPRegen  0.26/turn              C - +3 ring of protection
MPRegen  0.11/turn              M - ring of see invisible {sInv, !d}

@: mighty, tree-form
A: unchanging attributes, strong nose
a: no special abilities


You were on level 5 of the Dungeon.
You were hungry.
You were a tree.
You visited 2 branches of the dungeon, and saw 7 of its levels.

You collected 189 gold pieces.

Inventory:

Hand Weapons
 a - a +2 hand crossbow
 r - a +0 hunting sling
   (You found it on level 2 of the Dungeon)
 K - a +1 war axe of freezing (weapon)
   (You took it off an orc on level 5 of the Dungeon)
Missiles
 t - 219 stones (quivered)
 y - 23 poisoned needles
Armour
 d - a +0 buckler (worn)
 m - a +0 pair of boots (melded)
   (You found it on level 2 of the Dungeon)
 p - a +1 pair of gloves (melded)
   (You found it on level 2 of the Dungeon)
 u - a +0 helmet (melded)
   (You found it on level 3 of the Dungeon)
 z - a cursed +0 cloak (melded)
   (You took it off Crazy Yiuf on level 3 of the Dungeon)
 G - a +0 chain mail (melded)
   (You took it off an orc on level 4 of the Dungeon)
Jewellery
 C - a +3 ring of protection (left branch)
   (You found it on level 4 of the Dungeon)
 M - a ring of see invisible (right branch) {sInv, !d}
   (You found it on level 5 of the Dungeon)
Wands
 b - a wand of flame (3/48)
   (You took it off a kobold on level 6 of the Dungeon)
Scrolls
 c - 3 scrolls of teleportation
 g - a scroll of identify
 q - a scroll of recharging
 w - 2 scrolls of amnesia
 D - 4 scrolls of remove curse
Potions
 e - 2 potions of resistance {unknown}
 h - 2 potions of lignification {!q}
 i - 2 potions of flight
 j - 2 potions of heal wounds {unknown}
 B - a potion of ambrosia {unknown}
 E - 2 potions of curing {unknown}
 F - 3 potions of might
 H - a potion of agility {unknown}
 J - a potion of magic {unknown}
Comestibles
 f - 3 bread rations {@e1}
 l - a royal jelly
 n - 5 meat rations {@e2}


   Skills:
 - Level 7.2 Fighting
 + Level 3.1 Axes
 - Level 4.0 Slings
 - Level 7.7 Crossbows
 - Level 6.9 Armour
 - Level 1.2 Stealth
 - Level 4.3 Shields
 - Level 4.0 Unarmed Combat


You had 7 spell levels left.
You didn't know any spells.

Dungeon Overview and Level Annotations

Branches:
Dungeon (6/15)             Temple (1/1) D:5

Altars:
Cheibriados
Elyvilon
Hepliaklqana
Kikubaaqudgha
Makhleb
Nemelex Xobeh
Okawaru
Ru
Trog
Uskayaw
Vehumet
Yredelemnul
Zin

Shops:
D:4 (

Annotations:
D:5 Dowan, Duvessa


Innate Abilities, Weirdness & Mutations

Your physical attributes are unchanging.
((You have very sharp teeth.))
Your uncanny sense of smell can sniff out nearby items.


Message History

You kill the orc! 2 orcs come into view.
An orc is wielding a trident of protection.
Aim: an orc, wielding a flail and wearing a ring mail (hasn't noticed you)
You shoot a sling bullet. The sling bullet barely misses the orc.
The orc shouts! x2
Aim: an orc, wielding a trident of protection and wearing a leather armour You shoot a sling bullet.
The sling bullet closely misses the orc.
The sling bullet hits the orc.
An orc priest comes into view. It is wielding a club.
s - 3 sling bullets (gained 1)
Things that are here:
a short sword; an orc corpse Health restored: 67
There is a stone staircase leading up, spattered with blood here.
The orc hits you but does no damage.
You climb upwards.
Level annotation: Dowan, Duvessa
There is a stone staircase leading down here.
Things that are here:
a leather armour; a trident; an orc skeleton The orc warrior shouts!
Aim: an orc warrior, wielding an enchanted hand axe and wearing a chain mail You shoot a sling bullet.
The sling bullet hits the orc warrior.
Aim: an orc warrior, wielding an enchanted hand axe and wearing a chain mail (lightly wounded)
You shoot a sling bullet.
The sling bullet closely misses the orc warrior.
Aim: an orc warrior, wielding an enchanted hand axe and wearing a chain mail (lightly wounded)
You shoot a sling bullet.
The sling bullet barely misses the orc warrior.
Aim: an orc warrior, wielding an enchanted hand axe and wearing a chain mail (lightly wounded)
You shoot a stone.
The stone hits the orc warrior but does no damage.
Aim: an orc warrior, wielding an enchanted hand axe and wearing a chain mail (lightly wounded)
You shoot a stone.
The stone barely misses the orc warrior.
Wield which item (- for none, * to show all)? (? for menu, Esc to quit)
Your +1 war axe of freezing glows with a cold blue light!
K - a +1 war axe of freezing (weapon)
You are feeling hungry.
You hit the orc warrior but do no damage.
You bite the orc warrior, but do no damage.
The orc warrior hits you but does no damage. x2
You hit the orc warrior but do no damage.
Your bite misses the orc warrior.
The orc warrior hits you but does no damage.
You hit the orc warrior but do no damage.
The orc warrior hits you with an enchanted hand axe.
You take 2 damage, and have 65/67 hp.
You closely miss the orc warrior.
The orc warrior hits you with an enchanted hand axe!
You take 6 damage, and have 59/67 hp.
You hit the orc warrior but do no damage.
Your bite misses the orc warrior.
The orc warrior hits you with an enchanted hand axe!
You take 7 damage, and have 52/67 hp.
You hit the orc warrior. You freeze the orc warrior.
The orc warrior barely misses you. You block the orc warrior's attack.
You closely miss the orc warrior.
The orc warrior hits you but does no damage.
You feel very mighty all of a sudden.
The orc warrior hits you but does no damage.
You hit the orc warrior. You freeze the orc warrior.
The orc warrior hits you with an enchanted hand axe.
You take 6 damage, and have 47/67 hp.
You hit the orc warrior. You freeze the orc warrior.
The orc warrior hits you with an enchanted hand axe!
You take 7 damage, and have 40/67 hp.
Your chain mail prevents you from hitting the orc warrior.
The orc warrior hits you but does no damage.
The orc warrior hits you with an enchanted hand axe!
You take 10 damage, and have 30/67 hp.
You barely miss the orc warrior.
The orc warrior hits you but does no damage.
You hit the orc warrior. You freeze the orc warrior.
The orc warrior hits you but does no damage.
Your chain mail prevents you from hitting the orc warrior.
The orc warrior hits you with an enchanted hand axe!
* * * LOW HITPOINT WARNING * * *
You take 12 damage, and have 19/67 hp.
Your chain mail prevents you from hitting the orc warrior.
The orc warrior hits you but does no damage.
The orc warrior hits you with an enchanted hand axe!
* * * LOW HITPOINT WARNING * * *
You take 11 damage, and have 8/67 hp.
You closely miss the orc warrior.
The orc warrior hits you with an enchanted hand axe.
* * * LOW HITPOINT WARNING * * *
You take 6 damage, and have 2/67 hp.
Really quaff
h - 3 potions of lignification {!q}?
You turn into a tree.
Your cursed +0 cloak melds into your body.
Your +0 helmet melds into your body.
Your +1 pair of gloves melds into your body.
Your +0 pair of boots melds into your body.
Your +0 chain mail melds into your body.
Your roots penetrate the ground.
The orc warrior hits you with an enchanted hand axe!
You die...

...........................'.....
..........#.(...#..........#.....
..........#.....#..........#.....
..###..####.....###...##...######
..###..##.###.....#...##...#.....
...#........#.....#....#...#.....
...#........#.....#....#...'.....
eO.'........#...o.#....'...#.....
...#e.......#...♣.#...###'##.....
####'####...#.....#...#..........
...O..###...#.....#...#.....##'##
..e...#.....#.....#####.....#....
.)>...#.....#.....# #.....#....
......#.....'.....# #.....#....
......#.....#...[.# #.....#....
......#.....#...!># #.....#....
......#...###.....#####.....#####


You could see an orc warrior.

Vanquished Creatures
  A sky beast (D:6)
  An ogre (D:5)
  A centaur (D:6)
  Blork the orc (D:4)
  A wyvern skeleton (D:6)
  A scorpion (D:5)
  A howler monkey (D:5)
  5 crimson imps
  A bullfrog zombie (D:5)
  4 orc priests
  A hound (D:5)
  A jelly (D:6)
  5 orc wizards
  Crazy Yiuf (D:3)
  6 worker ants
  A hound skeleton (D:5)
  17 adders
  2 shadow imps (D:5)
  An ooze (D:3)
  2 worms (D:2)
  2 dart slugs
  3 leopard geckos
  30 orcs
  6 giant cockroaches
  5 goblins
  9 hobgoblins
  10 jackals
  5 kobolds
  A quokka (D:6)
  2 ball pythons
  4 bats
  8 frilled lizards
  A jackal skeleton (D:4)
  3 quokka skeletons
  4 rats
147 creatures vanquished.

Vanquished Creatures (others)
  A wizard (D:3)
1 creature vanquished.

Grand Total: 148 creatures vanquished

Notes
Turn   | Place    | Note
-------+----------+-------------------------------------------
     0 | D:1      | drasked the Gnoll Wanderer began the quest for the Orb.
     0 | D:1      | drasked set off with: a +2 hand crossbow, 18 bolts, a scroll of teleportation, a +0 buckler, a +0 robe, a bread ration {@e1}
     0 | D:1      | Reached XP level 1. HP: 19/19 MP: 1/1
   479 | D:1      | Reached skill level 2 in Crossbows
   629 | D:1      | Reached XP level 2. HP: 24/26 MP: 2/2
  1355 | D:2      | Reached XP level 3. HP: 19/31 MP: 3/3
  1356 | D:2      | Reached skill level 3 in Crossbows
  1481 | D:2      | Reached skill level 2 in Shields
  1533 | D:2      | HP: 8/32 [hobgoblin/club (6)]
  1539 | D:1      | HP: 8/32 [jackal (1)]
  1823 | D:2      | Reached XP level 4. HP: 31/38 MP: 4/4
  1974 | D:2      | Reached skill level 5 in Fighting
  2044 | D:2      | Reached skill level 4 in Crossbows
  2497 | D:3      | Found an ancient bone altar of Kikubaaqudgha.
  2525 | D:3      | Reached skill level 2 in Armour
  2994 | D:3      | Found a faded altar of an unknown god.
  3112 | D:3      | Found a runed door.
  3259 | D:3      | HP: 9/39 [something/puff of flame (12)]
  3262 | D:3      | Reached skill level 1 in Slings
  3262 | D:3      | Reached XP level 5. HP: 6/44 MP: 5/5
  3429 | D:3      | Reached skill level 2 in Slings
  3603 | D:3      | Found a bloodstained altar of Trog.
  3630 | D:3      | Noticed a dagger
  3630 | D:3      | Noticed a hand axe
  3635 | D:3      | Found a hide-covered altar of Uskayaw.
  3741 | D:3      | Noticed a wizard
  3745 | D:3      | Killed a wizard
  3892 | D:3      | Reached skill level 3 in Shields
  3937 | D:3      | Reached XP level 6. HP: 51/51 MP: 6/6
  4015 | D:3      | Noticed Crazy Yiuf
  4030 | D:3      | Killed Crazy Yiuf
  4030 | D:3      | Reached skill level 3 in Armour
  4502 | D:4      | Noticed Blork the orc
  4509 | D:4      | Killed Blork the orc
  4509 | D:4      | Reached skill level 5 in Crossbows
  4509 | D:4      | Reached skill level 4 in Shields
  4660 | D:4      | Reached skill level 4 in Armour
  4752 | D:4      | Reached XP level 7. HP: 56/56 MP: 7/7
  4945 | D:4      | Reached skill level 6 in Crossbows
  4949 | D:4      | Found Qimnaem's Weapon Shop.
  5213 | D:3      | HP: 14/56 [poisoned by an orc]
  5221 | D:3      | HP: 14/56 [poisoned by an orc]
  6108 | D:5      | Entered Level 5 of the Dungeon
  6218 | D:5      | Reached skill level 7 in Crossbows
  6373 | D:4      | Reached skill level 5 in Armour
  6388 | D:4      | HP: 14/57 [worker ant (5)]
  6393 | D:4      | HP: 10/57 [worker ant (2)]
  6398 | D:4      | HP: 8/57 [poisoned by a worker ant]
  6405 | D:4      | HP: 7/57 [poisoned by a worker ant]
  6413 | D:4      | HP: 7/57 [poisoned by a worker ant]
  6721 | D:5      | Found a staircase to the Ecumenical Temple.
  6774 | D:5      | Reached skill level 6 in Fighting
  6774 | D:5      | Reached XP level 8. HP: 64/64 MP: 8/8
  6988 | D:5      | Reached skill level 3 in Slings
  7121 | D:5      | HP: 10/64 [ogre/giant spiked club (17)]
  8056 | D:5      | Found a hazy altar of Hepliaklqana.
  8167 | D:6      | Found a radiant altar of Vehumet.
  8167 | D:6      | Noticed Duvessa
  8167 | D:6      | Noticed Dowan
  8249 | Temple   | Entered the Ecumenical Temple
  8479 | D:5      | Reached skill level 6 in Armour
  8492 | D:5      | HP: 13/65 [orc warrior/enchanted hand axe (4)]
  8685 | D:5      | HP: 14/65 [orc warrior/enchanted hand axe (8)]
  8793 | D:4      | Reached skill level 4 in Slings
  9123 | D:6      | Found an iron altar of Okawaru.
  9130 | D:5      | Reached skill level 1 in Axes
  9229 | D:6      | Reached skill level 7 in Fighting
  9229 | D:6      | Reached skill level 2 in Axes
  9623 | D:6      | Reached skill level 3 in Axes
  9699 | D:5      | HP: 8/67 [orc warrior/enchanted hand axe (12)]
  9700 | D:5      | HP: 2/67 [orc warrior/enchanted hand axe (6)]
  9701 | D:5      | Slain by an orc warrior

Vault maps used:
D:1:      dpeg_arrival_line_fractal
D:3:      dancing_weapons_uskayaw, lemuel_crystal_altar,
          chequers_ecumenical_altar_simple, minmay_statues_item,
          grunt_ministairs_9, trog_wizard, uniq_crazy_yiuf_cottage
D:4:      first_bread, serial_shops, nicolae_shop_stone, uniq_blork_the_orc
D:5:      cheibrodos_fzero, kennysheep_mini_moat, minmay_temple_entry_water_ring
D:6:      marbit_many_paths, kennysheep_little_box, old_standard_altar,
          nicolae_ossuary_entry_catacombs, vehumet_altar_wand_db, uniq_duvessa,
          uniq_pikel
Temple:   compressed_dpeg_triangle_lava_temple

Skill      XL: |  1  2  3  4  5  6  7  8 |
---------------+-------------------------+-----
Crossbows      | 2 3 4 5 7 |  7.7
Shields        | 2 3 4 |  4.3
Fighting       | 5 6 7 |  7.2
Armour         | 2 4 5 6 |  6.9
Slings         | 1 2 4 |  4.0
Axes           | 3 |  3.1
Stealth        | |  1.2
Unarmed Combat | |  4.0

Action                   |  1- 3 |  4- 6 |  7- 9 || total
-------------------------+-------+-------+-------++-------
Melee: Hand axe          |   104 |       |       ||   104
       Bite              |     3 |       |     6 ||     9
       Spear             |       |    47 |    80 ||   127
       War axe           |       |       |   128 ||   128
 Fire: Hand crossbow     |    49 |   139 |   160 ||   348
       Hunting sling     |       |    56 |   243 ||   299
Throw: Tomahawk          |       |     4 |     4 ||     8
       Stone             |       |    22 |    20 ||    42
       Javelin           |       |       |    35 ||    35
  Use: Scroll            |     1 |       |    10 ||    11
       Potion            |       |       |     3 ||     3
  Eat: Chunk             |     1 |     7 |     5 ||    13
       Royal jelly       |     1 |     1 |     3 ||     5
       Bread ration      |       |       |     1 ||     1
Armor: Robe              |    14 |       |       ||    14
       Ring mail         |    70 |    89 |    13 ||   172
       Chain mail        |       |       |   479 ||   479
Dodge: Dodged            |    61 |    75 |    83 ||   219
Block: Buckler           |    27 |    20 |   107 ||   154

Vault maps used:
D:1:      dpeg_arrival_line_fractal
D:3:      dancing_weapons_uskayaw, lemuel_crystal_altar,
          chequers_ecumenical_altar_simple, minmay_statues_item,
          grunt_ministairs_9, trog_wizard, uniq_crazy_yiuf_cottage
D:4:      first_bread, serial_shops, nicolae_shop_stone, uniq_blork_the_orc
D:5:      cheibrodos_fzero, kennysheep_mini_moat, minmay_temple_entry_water_ring
D:6:      marbit_many_paths, kennysheep_little_box, old_standard_altar,
          nicolae_ossuary_entry_catacombs, vehumet_altar_wand_db, uniq_duvessa,
          uniq_pikel
Temple:   compressed_dpeg_triangle_lava_temple

Table legend:
 A = Turns spent in this place as a percentage of turns spent in the entire game.
 B = Non-inter-level travel turns spent in this place as a percentage of non-inter-level travel turns spent in the entire game.
 C = Inter-level travel turns spent in this place as a percentage of turns spent in this place.
 D = Turns resting spent in this place as a percentage of non-inter-level travel turns spent in this place.
 E = Turns spent auto-exploring this place as a percentage of non-inter-level travel turns spent in this place.
 F = Non-inter-level travel turns spent in this place divided by the number of levels of this place that you've seen.
                   A       B       C       D       E      F
               +-------+-------+-------+-------+-------+----------------------
         Total | 100.0 | 100.0 |   0.9 |   1.6 |   4.3 | 527.7
       Dungeon |  98.5 |  98.5 |   0.9 |   1.6 |   4.2 | 606.3
        Temple |   1.5 |   1.5 |   0.0 |   0.0 |  10.7 |  56.0
               +-------+-------+-------+-------+-------+----------------------

Table legend:
 A = Kills in this place as a percentage of kills in entire the game.
 B = Kills by you in this place as a percentage of kills by you in the entire game.
 C = Kills by friends in this place as a percentage of kills by friends in the entire game.
 D = Other kills in this place as a percentage of other kills in the entire game.
 E = Experience gained in this place as a percentage of experience gained in the entire game.
 F = Experience gained in this place divided by the number of levels of this place that you have seen.
                   A       B       C       D       E      F
               +-------+-------+-------+-------+-------+----------------------
         Total | 100.0 | 100.0 |  -nan |  -nan | 100.0 | 302.0
       Dungeon | 100.0 | 100.0 |  -nan |  -nan | 100.0 | 352.3
               +-------+-------+-------+-------+-------+----------------------
